AoeStats
← Phill chung long

Arabia

510681241Analyzed
1v1 RM · 12h ago on Oct 2, 2026· 16m 36s· 2 players
Game mode
Random Map
Map size
Tiny (2 player)
Population
200
Speed
Normal
Resources
Standard
Victory
Conquest
Starting age
Dark Age
Ending age
Imperial Age
RankedLock teamsTeams togetherTeam positionsShared explorationLock speedFull tech treeHidden civsTurbo modeCheats
Victory
Defeat
🇨🇿 Bohemians · Czechia
669
+18
🇵🇪 Khmer · Peru
706
-33
s3mikcz
6:49 Loom
10:27 Feudal Age
10:59 Double-Bit Axe
11:35 Horse Collar
13:30 Fletching
Phill chung long
9:36 Feudal Age
15:56 Castle Age
15:03 Stone Mining
Connection lost

Rejoining the realm…

Still unreachable

The connection could not be restored.

Session expired

The server has moved on; the page needs a fresh start.